 Dungeon Sprint DCSS version 0.27-a0-1232-gc6a4cbde82 (webtiles) character file.

Game seed: 9704214966304898819

4 rocky1 the Shield-Bearer (level 1, 0/18 HPs)
             Began as a Formicid Fighter on June 9, 2021.
             Slain by a human (7 damage)
             ... in the Dungeon (Sprint III: "The Ten Rune Challenge").
             The game lasted 00:00:36 (179 turns).

rocky1 the Shield-Bearer (Formicid Fighter)          Turns: 179, Time: 00:00:36

Health: 0/18       AC:  6    Str: 20    XL:     1   Next: 66%
Magic:  1/1        EV:  8    Int:  7    God:
Gold:   0          SH:  9    Dex: 10    Spells: 0/0 levels left

rFire    . . .     SeeInvis +   a - +0 long sword
rCold    . . .     Faith    .   c - +0 kite shield
rNeg     . . .     Spirit   .   b - +0 scale mail
rPois    .         Reflect  .   (helmet unavailable)
rElec    .         Harm     .   (no cloak)
rCorr    .         Rampage  .   (no gloves)
Will     .....                  (no boots)
Stlth    ..........             (no amulet)
HPRegen  0.06/turn              (no ring)
MPRegen  0.07/turn              (no ring)

@: no status effects
A: permanent stasis, dig shafts and tunnels, antennae 3, four strong arms
a: Dig


You were in the Dungeon.
You visited 1 branch

Inventory:

Hand Weapons
 a - a +0 long sword (weapon)
Armour
 b - a +0 scale mail (worn)
 c - a +0 kite shield (worn)
Potions
 d - a potion of might
 e - a potion of curing
 f - a potion of heal wounds
 g - 2 potions of magic
 h - a potion of invisibility {unknown}


   Skills:
 - Level 3.2 Fighting
 + Level 3.0 Long Blades
 - Level 3.2 Armour
 + Level 4.5 Shields


You couldn't memorise any spells.
You didn't know any spells.
Your spell library was empty.

Dungeon Overview and Level Annotations

Branches:
Dungeon (1/1)

Altars:


Innate Abilities, Weirdness & Mutations

You cannot be hasted, slowed, berserked, paralysed or teleported.
You can dig through walls and to a lower floor.
You have a pair of large antennae on your head. (SInv)
Your four strong arms can wield two-handed weapons with a shield.


Message History

You miss the human.
The human is moderately wounded.
The human barely misses you. x2; You riposte.
You hit the human but do no damage.
The human is moderately wounded.
Your shield and scale mail prevent you from hitting the human.
The human is moderately wounded.
You block the human's attack.
You barely miss the human.
The human is moderately wounded.
The human closely misses you. The human barely misses you.
You riposte.
Your shield and scale mail prevent you from hitting the human.
The human is moderately wounded.
You closely miss the human.
The human is moderately wounded.
The human hits you.
You barely miss the human.
The human is moderately wounded.
The human hits you. The human hits you but does no damage.
You hit the human but do no damage.
The human is moderately wounded.
The human hits you but does no damage.
You hit the human.
The human is moderately wounded.
You block the human's attack.
You miss the human.
The human is moderately wounded.
The human hits you but does no damage. The human barely misses you.
You riposte.
You hit the human.
The human is moderately wounded.
You barely miss the human.
The human is moderately wounded.
You block the human's attack.
You hit the human.
The human is heavily wounded.
The human hits you but does no damage.
You closely miss the human.
The human is heavily wounded.
The human barely misses you. The human hits you!
You die...

▓▓▓▓▓▓▓▓▓
▓<..#)..####
▓...#......##
▓..##....†..#
▓##.##.##...# .#
##.##.###..# ..#
▓#.####.##..# ...+
▓.###..##.†##
#p..# ▓#.....##.@#
#....#
###..##..p##.....#
##..##....#......#
#..###..##.# {
#..# #.. ### ▓▓▓▓
▓▓▓ { { { {


You could see a human.

Vanquished Creatures
  2 endoplasms (D)
  2 rats (D)
4 creatures vanquished.

Notes
Turn   | Place    | Note
-------+----------+-------------------------------------------
     0 | D        | rocky1 the Formicid Fighter began the quest for the Orb.
     0 | D        | Reached XP level 1. HP: 18/18 MP: 1/1
    10 | D        | Reached skill level 4 in Shields
   179 | D        | Slain by a human

Illustrated notes

Levels and vault maps discovered:
D:        dungeon_sprint_mu [sprint_mu_entry_cave, sprint_mu_temple_rooms,
          sprint_mu_d1_horrors, sprint_mu_d2_genie, sprint_mu_d3_branching,
          sprint_mu_orc_legion, sprint_mu_elf_gauntlet, sprint_mu_hive_nellie,
          sprint_mu_lair_fedhas, sprint_mu_vaults_butterflies,
          sprint_mu_slime_circle, sprint_mu_shoals_archi,
          sprint_mu_snake_twists, sprint_mu_blade_basic, sprint_mu_crypt_lich,
          sprint_mu_tomb_spiral, sprint_mu_vestibule_basic,
          sprint_mu_gehenna_hellfire, sprint_mu_dis_giant,
          sprint_mu_tartarus_statrot, sprint_mu_cocytus_islands, sprint_mu_zot1]

Skill      XL: |  1 |
---------------+----+-----
Shields        | 4 |  4.5
Long Blades    | 3 |  3.0
Fighting       | |  3.2
Armour         | |  3.2

Action                   || total
-------------------------++-------
Melee: Long sword        ||    40
Armor: Scale mail        ||    10
Dodge: Dodged            ||    18
Block: Kite shield       ||    19
       Rpst.: Long sword ||     7

Table legend: (Time is in decaauts)
 A = Elapsed time spent in this place.
 B = Non-inter-level travel time spent in this place.
 C = Inter-level travel time spent in this place.
 D = Time resting spent in this place.
 E = Time spent auto-exploring this place.
 F = Levels seen in this place.
 G = Mean time per level.
                   A        B        C        D        E       F      G
               +--------+--------+--------+--------+--------+-----+--------+
         Total |    194 |    194 |      0 |     88 |      0 |   1 |  194.0 |
       Dungeon |    194 |    194 |      0 |     88 |      0 |   1 |  194.0 |
               +--------+--------+--------+--------+--------+-----+--------+

Top non-repeatable levels by time:
       D: 194 daAuts
